AoeStats
← joseph.fragonard

Black Forest

508262224Analyzed
3v3 RM · 10d ago on Sep 21, 2026· 70m 32s· 6 players
Game mode
Random Map
Map size
Normal (6 player)
Population
200
Speed
Normal
Resources
Standard
Victory
Conquest
Starting age
Dark Age
Ending age
Imperial Age
RankedLock teamsTeams togetherTeam positionsShared explorationLock speedFull tech treeHidden civsTurbo modeCheats
Victory
Defeat
🇫🇷 Celts · France
1130
+15
🇨🇱 Cumans · Chile
1125
+15
🇨🇦 Khmer · Canada
1031
+20
🇩🇪 Tatars · Germany
1131
-17
🇩🇪 Ethiopians · Germany
1111
-17
🇩🇪 Bulgarians · Germany
1085
-16
Kolli93
0:26 Loom
11:57 Feudal Age
16:39 Castle Age
14:59 Horse Collar
16:07 Double-Bit Axe
18:56 Crossbowman
19:28 Fletching
26:55 Bow Saw
27:00 Heavy Plow
32:49 Imperial Age
31:06 Thumb Ring
31:28 Bodkin Arrow
32:05 Padded Archer Armor
32:28 Ballistics
33:00 Fortified Wall
34:31 Chemistry
33:38 Siege Engineers
34:56 Torsion Engines
35:51 Conscription
36:30 Wheelbarrow
35:42 Town Watch
38:02 Two-Man Saw
37:11 Bracer
38:14 Elite Skirmisher
40:54 Hand Cart
40:50 Husbandry
41:00 Heavy Camel Rider
41:59 Leather Archer Armor
41:30 Arbalester
43:07 Scale Barding Armor
45:28 Caravan
47:18 Ring Archer Armor
49:05 Gold Mining
49:08 Stone Mining
52:16 Elite Shotel Warrior
58:20 Chain Barding Armor
58:10 Forging
58:41 Gold Shaft Mining
58:13 Cavalier
59:23 Masonry
60:23 Iron Casting
Vanitas
12:32 Feudal Age
11:55 Loom
13:38 Double-Bit Axe
13:37 Horse Collar
18:33 Castle Age
31:25 Imperial Age
30:32 Bloodlines
30:22 Husbandry
30:35 Forging
30:31 Scale Barding Armor
32:14 Light Cavalry
33:40 Wheelbarrow
32:50 Town Watch
33:55 Cavalier
35:16 Hand Cart
36:40 Scale Barding Armor
37:10 Iron Casting
37:48 Hussar
39:09 Heavy Camel Rider
41:23 Chain Barding Armor
42:04 Blast Furnace
41:08 Silk Armor
41:29 Timurid Siegecraft
41:48 Caravan
42:21 Coinage
42:03 Guilds
42:03 Heavy Plow
42:20 Capped Ram
45:35 Town Patrol
46:40 Conscription
48:41 Blast Furnace
48:16 Plate Barding Armor
47:33 Fletching
47:43 Padded Archer Armor
48:30 Heavy Cavalry Archer
49:55 Banking
57:13 Block Printing
57:29 Illumination
57:00 Herbal Medicine
57:16 Fervor
57:07 Atonement
57:55 Bodkin Arrow
58:16 Leather Archer Armor
61:29 Onager
61:30 Siege Ram
Marvin
0:44 Loom
13:26 Feudal Age
17:57 Castle Age
17:16 Double-Bit Axe
18:51 Wheelbarrow
30:44 Hand Cart
30:43 Squires
30:49 Horse Collar
33:48 Bow Saw
33:59 Scale Barding Armor
34:39 Gold Mining
34:39 Stone Mining
39:07 Chain Barding Armor
44:26 Imperial Age
43:42 Caravan
45:24 Gambesons
48:38 Theocracy
48:33 Illumination
49:33 Conscription
49:15 Bagains
49:41 Elite Konnik
51:44 Scale Mail Armor
54:27 Plate Barding Armor
55:26 Onager
56:59 Heavy Plow
57:58 Chain Mail Armor
57:53 Forging
60:20 Plate Mail Armor
60:26 Iron Casting
63:20 Blast Furnace
65:06 Pikeman
68:23 Husbandry
67:44 Cavalier
Anonymous
3:51 Loom
11:38 Feudal Age
12:11 Double-Bit Axe
16:07 Castle Age
14:24 Stone Mining
17:20 Horse Collar
29:34 Imperial Age
27:18 Gold Mining
29:31 Fletching
31:29 Bodkin Arrow
37:12 Bow Saw
39:07 Wheelbarrow
39:48 Pikeman
41:38 Heavy Plow
41:13 Halberdier
42:04 Scale Mail Armor
43:23 Chain Mail Armor
43:19 Forging
48:15 Iron Casting
47:29 Town Watch
47:36 Arson
51:24 Blast Furnace
49:55 Elite Skirmisher
51:40 Padded Archer Armor
53:01 Leather Archer Armor
52:46 Bracer
57:57 Ring Archer Armor
59:06 Caravan
61:23 Hand Cart
61:09 Town Patrol
joseph.fragonard
11:28 Feudal Age
15:19 Castle Age
14:41 Double-Bit Axe
16:36 Horse Collar
17:28 Bow Saw
20:20 Loom
21:04 Stone Mining
23:38 Wheelbarrow
26:50 Hand Cart
26:56 Town Watch
27:17 Heavy Plow
27:18 Gold Mining
29:11 Gold Shaft Mining
29:12 Stone Shaft Mining
33:36 Imperial Age
34:16 Town Patrol
33:46 Capped Ram
34:50 Ballistics
35:31 Chemistry
34:53 Conscription
34:45 Furor Celtica
34:55 Guilds
35:15 Coinage
34:46 Caravan
34:50 Siege Ram
34:51 Heavy Scorpion
36:48 Elite Woad Raider
38:50 Arson
38:25 Pikeman
38:51 Gambesons
39:54 Banking
40:23 Scale Mail Armor
40:33 Forging
40:42 Halberdier
43:08 Treadmill Crane
43:38 Masonry
45:48 Chain Mail Armor
46:09 Iron Casting
48:31 Plate Mail Armor
49:01 Blast Furnace
52:40 Fortified Wall
52:15 Onager
54:29 Siege Onager
PannaCota5749
10:48 Feudal Age
12:00 Double-Bit Axe
13:05 Man-at-Arms
15:14 Forging
24:27 Castle Age
27:16 Stone Mining
26:54 Elite Skirmisher
30:38 Fletching
36:55 Imperial Age
35:38 Bow Saw
36:05 Wheelbarrow
35:39 Gold Mining
36:42 Ballistics
38:04 Conscription
39:59 Two-Man Saw
39:10 Thumb Ring
38:47 Heavy Cavalry Archer
41:22 Chemistry
41:01 Parthian Tactics
41:38 Bodkin Arrow
41:43 Padded Archer Armor
44:04 Leather Archer Armor
44:26 Light Cavalry
45:18 Bloodlines
47:27 Onager
50:07 Ring Archer Armor
49:10 Hussar
52:19 Caravan
59:12 Capped Ram
Connection lost

Rejoining the realm…

Still unreachable

The connection could not be restored.

Session expired

The server has moved on; the page needs a fresh start.